 Dungeon Crawl Stone Soup version 0.27-a0-1334-g2746e35aca (console) character file.

Game seed: 3987412194338116630

56123 Hector the Thaumaturge (level 14, -4/66 HPs)
             Began as a Spriggan Abyssal Knight on June 18, 2021.
             Was a High Priest of Lugonu.
             Shot with an arrow by a centaur warrior (24 damage)
             ... on level 14 of the Dungeon on June 25, 2021.
             The game lasted 03:45:44 (34642 turns).

Hector the Thaumaturge (Spriggan Abyssal Knight)   Turns: 34642, Time: 03:45:44

Health: -4/66      AC:  5    Str:  4    XL:     14   Next: 40%
Magic:  22/42      EV: 20    Int: 18    God:    Lugonu [*****.]
Gold:   1788       SH:  5    Dex: 15    Spells: 13/42 levels left

rFire    + . .     SeeInvis +   a - +7 falchion {vorpal, rElec rPois rCorr Str-4}
rCold    + + .     Faith    .   i - +0 buckler {reflect}
rNeg     . . .     Spirit   .   d - +2 robe {rC+}
rPois    +         Reflect  +   h - +1 hat {Stlth+}
rElec    +         Harm     .   e - scarf {rC+ rF+}
rCorr    +         Rampage  .   (gloves unavailable)
Will     +++..                  (boots unavailable)
Stlth    ++++......             C - amulet of magic regeneration
HPRegen  0.21/turn              D - ring of magical power
MPRegen  0.53/turn              W - ring "Wiwkelus" {Wiz Will+ rCorr}

@: spiked, very quick
A: very small, no large weapons, unfitting armour, see invisible, speed 3
a: Renounce Religion, Depart the Abyss, Bend Space, Banish, Corrupt, Enter the
Abyss


You were on level 14 of the Dungeon.
You worshipped Lugonu.
Lugonu was extremely pleased with you.
You visited 2 branches of the dungeon, and saw 20 of its levels.
You visited the Abyss 1 time.
You also visited: Ossuary, Bailey, Gauntlet and Volcano.

You collected 1827 gold pieces.
You spent 39 gold pieces at shops.

Inventory:

Hand Weapons
 a - the +7 falchion of Untimely Demise (weapon) {vorpal, rElec rPois rCorr Str-4}
   (You took it off an orc on level 5 of the Dungeon)

   It inflicts extra damage upon your enemies.
   It affects your strength (-4).
   It insulates you from electricity.
   It protects you from poison.
   It protects you from acid and corrosion.
 b - the +7 lajatang of Order {silver, rMut}
   (You found it on level 4 of the Dungeon)

   It protects you from mutation.
 g - a +3 scimitar of flaming
 n - the +7 spear of Siunk {freeze, +Rage rCorr Int+3 Dex+4}
   (You found it in a Gauntlet)

   It has been specially enchanted to freeze those struck by it, causing extra
   injury to most foes and up to half again as much damage against particularly
   susceptible opponents.
   It can also slow down cold-blooded creatures.
   It affects your intelligence (+3).
   It affects your dexterity (+4).
   It lets you go berserk.
   It protects you from acid and corrosion.
 s - a +2 short sword
 x - a +2 long sword of holy wrath
 X - the +1 hand crossbow "Cewnek" {venom, rPois rF+ rN+ Will-}
   (You took it off an orc warrior on level 11 of the Dungeon)

   It poisons the ammo it fires.
   It protects you from fire.
   It protects you from poison.
   It protects you from negative energy.
   It decreases your willpower.
Missiles
 t - 65 poisoned darts (quivered)
 u - 2 throwing nets
 w - 161 bolts
Armour
 d - a +2 robe of cold resistance (worn)
 e - a scarf of resistance (worn)
 h - a +1 hat of stealth (worn)
 i - a +0 buckler of reflection (worn)
Magical Staves
 o - a staff of conjuration
Jewellery
 v - an amulet of regeneration
 C - an amulet of magic regeneration (around neck)
 D - a ring of magical power (left hand)
 F - a ring of protection from fire
 P - a ring of protection from cold
 T - a ring of fire
 W - the ring "Wiwkelus" (right hand) {Wiz Will+ rCorr}
   (You found it in a Gauntlet)

   [ring of wizardry]

   It improves your spell success rate.
   It protects you from acid and corrosion.
   It increases your willpower.
Wands
 q - a wand of flame (25)
 r - a wand of acid (21)
 I - a wand of iceblast (27)
Scrolls
 k - a scroll of enchant armour
 l - 10 scrolls of teleportation
 m - 3 scrolls of magic mapping
 y - 2 scrolls of identify
 J - 3 scrolls of blinking
 R - 2 scrolls of fog
Potions
 c - 2 potions of heal wounds
 j - a potion of cancellation
 p - 10 potions of flight
 A - 2 potions of ambrosia
 B - 3 potions of berserk rage
 G - 2 potions of might
 H - 2 potions of invisibility
 K - a potion of mutation
 L - 7 potions of brilliance
 M - a potion of attraction
 O - 2 potions of magic
 Q - 7 potions of curing
Miscellaneous
 f - a condenser vane
 E - a phantom mirror


   Skills:
 + Level 4.2 Fighting
 - Level 3.2 Short Blades
 + Level 7.6 Dodging
 + Level 4.9 Stealth
 * Level 0.7 Shields
 + Level 14.5 Spellcasting
 + Level 8.3 Conjurations
 - Level 5.0 Summonings
 + Level 8.8 Fire Magic
 * Level 2.2 Ice Magic
 - Level 6.0 Air Magic
 - Level 5.0 Poison Magic
 * Level 10.5 Invocations


You had 13 spell levels left.
You knew the following spells:

 Your Spells              Type           Power      Damage    Failure   Level
a - Foxfire               Conj/Fire      100%       2x1d9     1%          1
b - Fireball              Conj/Fire      21%        3d10      2%          5
c - Mephitic Cloud        Conj/Pois/Air  36%        N/A       1%          3
f - Conjure Flame         Conj/Fire      43%        6-21      1%          3
g - Summon Guardian Gole  Hex/Summ       22%        N/A       3%          3
l - Summon Lightning Spi  Summ/Air       32%        N/A       3%          4
s - Sticky Flame          Conj/Fire      43%        2d6       1%          4
z - Poisonous Vapours     Pois/Air       64%        N/A       1%          2
Y - Summon Ice Beast      Ice/Summ       26%        N/A       7%          4

Your spell library contained the following spells:

 Spells                   Type           Power      Damage    Failure   Level
 Summon Small Mammal      Summ           100%       N/A       1%          1
 Call Imp                 Summ           31%        N/A       1%          2
 Call Canine Familiar     Summ           31%        N/A       1%          3
 Inner Flame              Hex/Fire       28%        N/A       1%          3
 Animate Skeleton         Necr           26%        N/A       3%          1
 Apportation              Tloc           26%        N/A       3%          1
 Beastly Appendage        Tmut           26%        N/A       3%          1
 Corona                   Hex            14%        N/A       3%          1
 Pain                     Necr           52%        1d6       3%          1
 Spider Form              Tmut/Pois      11%        N/A       3%          3
 Blink                    Tloc           N/A        N/A       4%          2
 Slow                     Hex            13%        N/A       4%          2
 Wereblood                Tmut           13%        N/A       4%          2
 Freezing Cloud           Conj/Ice/Air   16%        6-21      9%          5
 Confusing Touch          Hex            13%        N/A       10%         3
 Gell's Gravitas          Tloc           6%         N/A       10%         3
 Lesser Beckoning         Tloc           6%         N/A       10%         3
 Portal Projectile        Hex/Tloc       26%        N/A       10%         3
 Teleport Other           Tloc           13%        N/A       10%         3
 Vampiric Draining        Necr           6%         2d6       10%         3
 Ice Form                 Ice/Tmut       17%        N/A       19%         4
 Silence                  Hex/Air        11%        N/A       26%         5
 Animate Dead             Necr           6%         N/A       30%         4
 Agony                    Necr           13%        N/A       61%         5
 Manifold Assault         Tloc           13%        N/A       61%         5
 Simulacrum               Ice/Necr       8%         N/A       95%         6
 Dispersal                Tloc           6%         N/A       99%         6
 Malign Gateway           Summ/Tloc      11%        N/A       100%        7
 Ozocubu's Refrigeration  Ice            10%        4d7       100%        7
 Discord                  Hex            6%         N/A       100%        8
 Disjunction              Tloc           6%         N/A       100%        8


Dungeon Overview and Level Annotations

Branches:
Dungeon (15/15)            Temple (0/1) D:5            Lair (6/6) D:10
  Swamp (0/4) Lair:2       Spider (0/4) Lair:3        Slime (0/5) Lair:6
    Orc (0/2) D:10        Ossuary (visited)          Bailey (visited)
Volcano (visited)         Gauntlet (visited)
 Vaults: D:13-14     Depths: D:15

Altars:
Gozag
Ru
Sif Muna
Trog
Xom
Yredelemnul

Shops:
D:4 ((!!(   D:6 :   D:10 [

Annotations:
D:14 corrupted


Innate Abilities, Weirdness & Mutations

You are very small and have problems with some larger weapons.
You are too small for most types of armour.
You have supernaturally acute eyesight. (SInv)
You cover ground extremely quickly. (Speed+++)


Message History

The seven-headed hydra closely misses the ynoxinul.
The seven-headed hydra bites the ynoxinul but does no damage.
The seven-headed hydra bites the ynoxinul!
The centaur warrior shoots an arrow.
The arrow hits the starcursed mass!!
The ynoxinul hits the seven-headed hydra!
The chaos spawn gores the yaktaur.
The yaktaur flickers and vanishes for a moment.
A starcursed mass splits.
The smoke demon closely misses the seven-headed hydra.
The smoke demon barely misses the seven-headed hydra.
The smoke demon hits the seven-headed hydra.
The small abomination hits the centaur warrior!
The seven-headed hydra misses the ynoxinul.
The seven-headed hydra closely misses the ynoxinul.
The seven-headed hydra bites the ynoxinul.
The seven-headed hydra bites the ynoxinul!
The ynoxinul dies!
The seven-headed hydra barely misses the ufetubus.
The seven-headed hydra bites the ufetubus!
The ufetubus dies!
The seven-headed hydra bites something.
The chaos spawn hits your lightning spire.
Something engulfs the seven-headed hydra!
The chaos spawn hits something.
The chaos spawn shocks something!
The smoke demon hits the seven-headed hydra.
The smoke demon closely misses the seven-headed hydra.
The smoke demon barely misses the seven-headed hydra.
Unknown command.
Casting: Summon Lightning Spire (dangerous; 3% risk of failure)
Confirm with . or Enter, or press ? or * to list all spells.
Aiming: Poisonous Vapours (safe; 1% risk of failure)
Press: ? - help, Dir - move target, f - centaur warrior
Aim: a centaur warrior, wielding a +0 longbow and quivering arrows (moderately wounded) Poisonous vapours surround the centaur warrior!
The centaur warrior is poisoned.
The vampire mage hits your lightning spire.
The vampire mage bites your lightning spire but does no damage.
Something hits the seven-headed hydra.
The centaur warrior shoots an arrow.
The arrow hits you!!
You die...

#.... ..
#.....#..##
#.......#.# #.....
.X.# #...3. x..# #
###.#..D##.##.#####
#....#x#X....##...#
#.#xRc.@ZX.....#
...#X#.348.....# ##
##...#.#V.#.#### ..
#....v#.## h#
###.###...h#c#
#.........4#..
####.....5.#.#
+........>##..
####.#.......#


You could see a seven-headed hydra, a centaur warrior (very poisoned), a yaktaur
(invisible), 2 neutral starcursed masses, a neutral spatial maelstrom
(summoned), a neutral rakshasa (summoned), a neutral vampire mage (summoned), 2
neutral large abominations, 2 neutral smoke demons, 2 neutral raiju, 2 neutral
chaos spawn, 3 neutral small abominations, a neutral quasit (summoned), a
neutral ettin skeleton (summoned) and a friendly lightning spire (summoned).

Vanquished Creatures
  Gastronok (D:9)
  Harold (D:11)
  4 hydras
  3 catoblepae (Lair:6)
  Erica (D:8)
  2 two-headed ogres
  A boulder beetle (D:11)
  9 death yaks
  A skeletal warrior (D:12)
  A sixfirhy (D:9)
  A necromancer (Gauntlet)
  2 deep elf pyromancers
  An orc knight (Bailey)
  3 oklob plants (Lair:3)
  2 manticores (Lair:6)
  4 black mambas
  8 cane toads
  2 unseen horrors
  A gargoyle (D:10)
  2 rime drakes (Lair:6)
  Maggie (D:8)
  7 komodo dragons
  2 trolls
  A jumping spider (Lair:3)
  2 polar bears
  12 blink frogs
  A dream sheep (shapeshifter) (D:11)
  7 shadows
  3 redbacks (Lair:3)
  2 wraiths (D:10)
  24 yaks
  Grum (D:8)
  A basilisk (Lair:4)
  4 fire bats
  4 wyverns
  2 steam dragons (Lair:2)
  An acid dragon (D:11)
  3 vampire mosquitoes (D:12)
  A harpy simulacrum (D:15)
  11 water moccasins
  7 orc warriors
  2 ice beasts (D:6)
  3 black bears
  2 necrophages
  2 ogres (D:5)
  8 centaurs
  9 wolves
  3 kobold brigands
  3 bullfrogs
  Blork the orc (D:6)
  A gnoll sergeant (D:11)
  3 elf zombies (Ossuary)
  9 killer bees
  3 electric eels (Lair:3)
  2 howler monkeys
  13 wights
  A lava snake (Volcano)
  A hound (D:6)
  4 jellies
  2 centaur zombies
  A centaur skeleton (D:7)
  Crazy Yiuf (D:6)
  A gnoll shaman (D:6)
  6 orc priests
  4 iguanas
  Ijyb (D:3)
  7 orc wizards
  4 hell rats
  A hound skeleton (D:5)
  2 mummies (Ossuary)
  A howler monkey zombie (D:9)
  15 gnolls
  2 howler monkey skeletons
  9 adders
  A shadow imp (D:6)
  3 white imps
  An ufetubus (D:6)
  2 worms (D:2)
  4 dart slugs
  35 orcs
  8 endoplasms
  A giant cockroach (D:2)
  3 hobgoblins
  2 jackals (D:2)
  5 quokkas
  3 ball pythons
  2 bats (D:2)
  A frilled lizard (D:1)
  3 gnoll zombies (Ossuary)
  4 goblins
  2 goblin zombies (Ossuary)
  2 hobgoblin zombies (Ossuary)
  26 kobolds
  3 orc zombies (Ossuary)
  5 rats
390 creatures vanquished.

Vanquished Creatures (collateral kills)
  A minotaur (Gauntlet)
  Snorg (Lair:6)
  A catoblepas (Lair:6)
  A hydra (Lair:4)
  An ogre mage (D:11)
  A boulder beetle (D:12)
  5 death yaks
  A two-headed ogre (D:11)
  Urug (Lair:4)
  A skeletal warrior (D:12)
  An ugly thing (D:11)
  An oklob plant (Lair:3)
  A manticore (D:14)
  A cyclops (D:11)
  A torpor snail (Lair:5)
  2 cane toads
  2 efreet (D:11)
  A tengu conjurer (D:11)
  A troll (D:11)
  A jumping spider (Lair:3)
  5 blink frogs
  2 slime creatures
  5 dream sheep (Lair:6)
  2 vampires
  3 wraiths (D:11)
  A wyvern (Lair:5)
  A steam dragon (Lair:5)
  A redback (Lair:3)
  A basilisk (Lair:3)
  14 yaks
  2 orc warriors
  5 wolves
  A bullfrog (Lair:5)
  A nameless horror (Lair:6)
  2 lava snakes (Volcano)
  An orc priest (D:12)
  A jelly (Lair:6)
  3 orc wizards
  A hell rat (Lair:6)
  3 orcs (D:11)
  2 foxfires (Lair:2)
83 creatures vanquished.

Vanquished Creatures (others)
  A hydra (D:12)
  A skeletal warrior (D:12)
  1043 foxfires
  27 fungi
  92 plants
1164 creatures vanquished.

Grand Total: 1637 creatures vanquished

Notes
Turn   | Place    | Note
-------+----------+-------------------------------------------
     0 | Abyss:1  | Hector the Spriggan Abyssal Knight began the quest for the
                  | Orb.
     0 | Abyss:1  | Reached XP level 1. HP: 11/11 MP: 3/3
     4 | Abyss:1  | Found a corrupted altar of Lugonu.
    81 | Abyss:1  | Found a hazy altar of Hepliaklqana.
   143 | Abyss:1  | Noticed a smoke demon
   144 | D:1      | Escaped the Abyss
  1163 | D:1      | Reached skill level 1 in Spellcasting
  1164 | D:1      | Reached XP level 2. HP: 16/16 MP: 4/4
  1211 | D:1      | Reached * piety under Lugonu
  2115 | D:2      | Learned a level 1 spell: Foxfire
  2443 | D:2      | Reached XP level 3. HP: 19/19 MP: 2/6
  2819 | D:2      | Reached skill level 2 in Spellcasting
  3595 | D:2      | Learned a level 3 spell: Conjure Flame
  3766 | D:3      | Noticed Ijyb
  3814 | D:3      | Found a faded altar of an unknown god.
  3911 | D:3      | Reached skill level 1 in Fire Magic
  4641 | D:3      | Reached XP level 4. HP: 23/23 MP: 5/8
  4847 | D:3      | Reached skill level 1 in Conjurations
  5075 | D:4      | Found the +7 lajatang of Order {silver, rMut}
  5298 | D:4      | Found Zocuebec's Distillery.
  5305 | D:4      | Bought a potion of flight for 39 gold pieces
  5394 | D:4      | Noticed a black bear
  5498 | D:4      | Killed a black bear
  5499 | D:4      | Reached skill level 3 in Spellcasting
  5499 | D:4      | Reached XP level 5. HP: 27/27 MP: 3/11
  5591 | D:4      | Found Tostoux's Weapon Boutique.
  5834 | D:4      | Found Abutah's Antique Weapon Shoppe.
  6199 | D:4      | Found Ypiam's Antique Weapon Emporium.
  6265 | D:4      | Found Siq Yzuw's Distillery.
  6321 | D:5      | Entered Level 5 of the Dungeon
  6460 | D:5      | Noticed an ogre
  6495 | D:5      | Killed an ogre
  6496 | D:5      | Reached skill level 4 in Spellcasting
  6496 | D:5      | Reached XP level 6. HP: 32/32 MP: 7/13
  6928 | D:5      | Reached ** piety under Lugonu
  7144 | D:5      | Identified the +7 falchion of Untimely Demise {vorpal,
                  | rElec rPois rCorr Str-4}
  7529 | D:5      | Found a staircase to the Ecumenical Temple.
  7572 | D:5      | Reached XP level 7. HP: 35/35 MP: 10/14
  8322 | D:5      | Reached skill level 5 in Spellcasting
  8521 | D:6      | Found Adosoyl's Book Emporium.
  9358 | D:6      | Reached XP level 8. HP: 34/39 MP: 17/17
  9736 | D:6      | Found a shimmering blue altar of Sif Muna.
  9739 | D:6      | Found a bloodstained altar of Trog.
  9778 | D:6      | Noticed Blork the orc
  9817 | D:6      | Killed Blork the orc
  9849 | D:6      | Found a basalt altar of Yredelemnul.
  9849 | D:6      | Found a shimmering altar of Xom.
  9849 | D:6      | Found an opulent altar of Gozag.
  9854 | D:6      | Noticed a five-headed hydra
 10420 | D:6      | Found a sacrificial altar of Ru.
 10522 | D:6      | Learned a level 2 spell: Poisonous Vapours
 10527 | D:6      | Learned a level 4 spell: Sticky Flame
 10538 | D:6      | Found a runed translucent door.
 10539 | D:6      | Noticed Crazy Yiuf
 10608 | D:6      | Reached skill level 6 in Spellcasting
 10765 | D:7      | Found a flagged portal.
 10774 | Bailey   | Entered a bailey
 10807 | Bailey   | Reached *** piety under Lugonu
 10826 | Bailey   | Reached skill level 1 in Stealth
 10959 | Bailey   | Noticed an orc knight
 10996 | Bailey   | Killed an orc knight
 10997 | Bailey   | Reached skill level 1 in Poison Magic
 10997 | Bailey   | Reached XP level 9. HP: 43/43 MP: 12/20
 11109 | Bailey   | Reached skill level 1 in Air Magic
 11224 | Bailey   | Found a burning altar of Makhleb.
 11295 | D:7      | Found a sand-covered staircase.
 11305 | Ossuary  | Entered an ossuary
 11558 | Ossuary  | Reached skill level 7 in Spellcasting
 11558 | Ossuary  | Reached skill level 5 in Fire Magic
 11774 | D:7      | Identified the +8 chain mail "Roguephu" {Rampage Str+6
                  | Int+2}
 12233 | D:7      | Reached skill level 5 in Conjurations
 12717 | D:8      | Reached **** piety under Lugonu
 13124 | D:8      | Noticed Erica
 13124 | D:8      | Noticed Maggie
 13206 | D:8      | Noticed Grum
 13212 | D:8      | Reached skill level 5 in Dodging
 13264 | D:8      | Killed Grum
 13395 | D:8      | Learned a level 5 spell: Fireball
 13893 | D:9      | Noticed a troll
 14207 | D:9      | Reached XP level 10. HP: 49/49 MP: 22/22
 14249 | D:9      | Learned a level 3 spell: Mephitic Cloud
 14724 | D:9      | Noticed Gastronok
 14875 | D:9      | Killed Gastronok
 14876 | D:9      | Reached skill level 8 in Spellcasting
 14876 | D:9      | Reached skill level 5 in Invocations
 15038 | D:9      | Found a runed translucent door.
 15041 | D:9      | Noticed a sixfirhy
 15178 | D:9      | Reached skill level 5 in Poison Magic
 15388 | D:10     | Entered Level 10 of the Dungeon
 15994 | D:10     | Found a staircase to the Lair.
 16015 | D:10     | Noticed a gargoyle
 16020 | D:10     | Killed a gargoyle
 16021 | D:10     | Reached skill level 9 in Spellcasting
 16168 | D:10     | Reached XP level 11. HP: 53/53 MP: 2/25
 16444 | D:10     | Reached ***** piety under Lugonu
 16504 | D:10     | Noticed a two-headed ogre
 16543 | D:10     | Killed a two-headed ogre
 16704 | D:10     | Found Tagal's Armour Shop.
 16704 | D:10     | Found a staircase to the Orcish Mines.
 16933 | Lair:1   | Entered Level 1 of the Lair of Beasts
 18330 | Lair:2   | Found a staircase to the Swamp.
 18664 | Lair:2   | Reached skill level 5 in Air Magic
 18670 | Lair:2   | Learned a level 4 spell: Summon Lightning Spire
 19096 | Lair:3   | Noticed a four-headed hydra
 19208 | Lair:3   | Noticed an oklob plant
 19208 | Lair:3   | Noticed an oklob plant
 19208 | Lair:3   | Noticed an oklob plant
 19208 | Lair:3   | Noticed an oklob plant
 19248 | Lair:3   | Killed a four-headed hydra
 19692 | Lair:3   | Found a dark tunnel.
 19697 | Volcano  | Entered a volcano
 19847 | Volcano  | Reached skill level 10 in Spellcasting
 20144 | Lair:3   | Reached skill level 1 in Summonings
 20379 | Lair:3   | Reached XP level 12. HP: 58/58 MP: 27/27
 20469 | Lair:3   | Found a hole to the Spider Nest.
 20477 | Lair:3   | HP: 1/58 [redback (14)]
 21507 | Lair:3   | Identified the ring of Vericaw {Ice Dex+2}
 21580 | Lair:4   | Noticed a death yak
 21580 | Lair:4   | Noticed a death yak
 21624 | Lair:4   | Noticed Urug
 21633 | Lair:4   | Killed Urug
 21634 | Lair:4   | Noticed a four-headed hydra
 21762 | Lair:4   | Noticed a death yak
 21766 | Lair:4   | Noticed a death yak
 21901 | Lair:3   | Killed a death yak
 21947 | Lair:3   | Killed a death yak
 22092 | Lair:4   | HP: 2/58 [yak (10)]
 22116 | Lair:3   | Killed a death yak
 22131 | Lair:3   | Killed a death yak
 22433 | Lair:4   | Reached skill level 11 in Spellcasting
 23092 | Lair:4   | Killed a four-headed hydra
 23242 | Lair:4   | Noticed an eight-headed hydra
 23276 | Lair:4   | Killed an eight-headed hydra
 23993 | Lair:5   | Noticed a death yak
 24027 | Lair:5   | Killed a death yak
 24244 | Lair:5   | Identified the +5 ring mail "Gautwibba" {rN++ Will+}
 24355 | Lair:5   | Reached skill level 12 in Spellcasting
 24910 | Lair:5   | Reached XP level 13. HP: 43/61 MP: 24/30
 25229 | Lair:6   | Entered Level 6 of the Lair of Beasts
 25378 | Lair:6   | Noticed Snorg
 25712 | Lair:6   | Killed Snorg
 26073 | Lair:6   | Found a staircase to the Slime Pits.
 27375 | Lair:6   | Reached ****** piety under Lugonu
 27735 | Lair:6   | Reached skill level 13 in Spellcasting
 27735 | Lair:6   | Reached skill level 5 in Summonings
 28891 | D:3      | Found a faded altar of an unknown god.
 29131 | D:3      | Killed Ijyb
 29286 | D:6      | Killed Crazy Yiuf
 29461 | D:8      | Killed Erica
 29493 | D:8      | Killed Maggie
 29784 | D:11     | Learned a level 3 spell: Summon Guardian Golem
 29881 | D:11     | Noticed Harold
 29888 | D:11     | Killed Harold
 30317 | D:11     | Reached skill level 10 in Invocations
 30829 | D:11     | Reached XP level 14. HP: 66/66 MP: 26/32
 30834 | D:11     | Learned a level 4 spell: Summon Ice Beast
 30954 | D:11     | Identified the +1 hand crossbow "Cewnek" {venom, rPois rF+
                  | rN+ Will-}
 31374 | D:11     | Identified the +6 falchion of Miun {vorpal, Str+4}
 32047 | D:11     | Reached skill level 14 in Spellcasting
 32516 | D:12     | Upgraded the game from 0.27-a0-1302-g7736ffe575 to
                  | 0.27-a0-1334-g2746e35aca
 32529 | D:12     | Reached skill level 1 in Ice Magic
 32728 | D:12     | Found a gate leading to a gauntlet.
 32741 | Gauntlet | Entered a Gauntlet
 32741 | Gauntlet | Found a transporter.
 32741 | Gauntlet | Found a transporter.
 32761 | Gauntlet | Found a transporter.
 32779 | Gauntlet | Found a transporter.
 32779 | Gauntlet | Found a transporter.
 32784 | Gauntlet | Found a transporter.
 32784 | Gauntlet | Found a transporter.
 32786 | Gauntlet | Found a transporter.
 32807 | Gauntlet | Found a transporter.
 32815 | Gauntlet | Found a transporter.
 32831 | Gauntlet | Found a transporter.
 32835 | Gauntlet | Found a transporter.
 32878 | Gauntlet | Found a transporter.
 32895 | Gauntlet | Found a transporter.
 33152 | Gauntlet | Identified the +7 spear of Siunk {freeze, +Rage rCorr Int+3
                  | Dex+4}
 33154 | Gauntlet | Identified the ring "Wiwkelus" {Wiz Will+ rCorr}
 33370 | Gauntlet | Identified the +4 triple crossbow of Due Proportion {venom,
                  | Fly rN++ Dex-5}
 33403 | Gauntlet | Identified the Compendium of Displacement
 33409 | Gauntlet | Identified the Tome of Enchantment
 34518 | D:12     | You fall into a shaft and drop 3 floors!
 34518 | D:15     | Entered Level 15 of the Dungeon
 34639 | D:14     | Corrupted D:14
 34639 | D:14     | Noticed a starcursed mass
 34642 | D:14     | Shot with an arrow by a centaur warrior

Illustrated notes

Levels and vault maps discovered:
D:1:      minmay_arrival_plants_in_alcoves, layout_loops_ring
D:2:      kennysheep_big_flooded_room, layout_basic, item_on_display_a
D:3:      layout_basic, hellmonk_ecumenical_altar_arch_garden, uniq_ijyb
D:4:      layout_basic, serial_shops, nicolae_diamond_shop, shop, shop,
          kennysheep_little_box, kennysheep_mini_moat, st_stairs_6
D:5:      layout_gridville, minmay_temple_entry_trees
D:6:      layout_loops_ring, grunt_temple_overflow_open, serial_shops, shop,
          uniq_blork_the_orc, uniq_crazy_yiuf_cottage
D:7:      layout_basic, enter_ossuary_3, enter_bailey_8
D:8:      layout_basic, minmay_crystal_water, minmay_misc_feat_more_columns,
          eino_tiny_chamber, chequers_arboretum, uniq_erica, uniq_grum,
          uniq_maggie
D:9:      cheibrodos_shockbox, layout_loops_ring, uniq_gastronok
D:10:     layout_loops_ring, lair_entry_dummy, orc_david_3
D:11:     minmay_the_grid_triangle_9x9_rhombus_full_mashed
          [minmay_the_grid_triangle_9x9_flanged_cone,
          minmay_the_grid_triangle_9x9_zippers_vertical,
          minmay_the_grid_triangle_9x9_corrupted_corridor,
          minmay_the_grid_triangle_9x9_steps,
          minmay_the_grid_triangle_9x9_minimal,
          minmay_the_grid_triangle_9x9_checkered,
          minmay_the_grid_triangle_9x9_negative_grid,
          minmay_the_grid_triangle_9x9_prize_schism], layout_gridville,
          uniq_harold
D:12:     layout_stronghold, gauntlet_entry_generic, library_closet, drop_trap
D:14:     layout_basic
D:15:     gammafunk_enter_depths_forms, layout_stronghold, serial_rivers,
          chequers_serial_rivers_micro_d, chequers_serial_rivers_micro_c,
          chequers_serial_rivers_micro_c, chequers_serial_rivers_large_b,
          chequers_serial_rivers_small_a, chequers_serial_rivers_micro_b,
          nicolae_trove_entry_diagonal, okawaru_gym_becter
Lair:1:   layout_concentric_octagons
Lair:2:   layout_loops_ring, swamp_mist, grunt_megastairs_5
Lair:3:   layout_gridlike, nicolae_spider_entry_tight_spaces,
          nicolae_volcano_entry_s_turn, serial_bayou_lake_a,
          minmay_lair_oklob_chamber
Lair:4:   layout_hall_layers, st_stairs_6, minivault_25, uniq_urug
Lair:5:   layout_small_grid
Lair:6:   evilmike_catoblepas_cave, layout_regular_city,
          minmay_slime_entry_pillars, serial_forest, infiniplex_forest_3_way,
          infiniplex_forest_clump_long, infiniplex_forest_lined_2,
          infiniplex_forest_straight_4, infiniplex_forest_straight_1,
          infiniplex_forest_straight_2, infiniplex_forest_lined_room_3,
          nicolae_lair_grove_arrangements, uniq_snorg

Skill      XL: |  1  2  3  4  5  6  7  8  9 10 11 12 13 14 |
---------------+-------------------------------------------+-----
Spellcasting   | 1 2 3 4 5 6 7 9 10 12 13 14 | 14.5
Short Blades   | 3 |  3.2
Fire Magic     | 1 2 3 4 5 6 7 8 |  8.8
Conjurations   | 1 2 3 4 5 6 7 8 |  8.3
Invocations    | 2 3 4 6 7 8 10 | 10.5
Stealth        | 1 2 3 4 |  4.9
Poison Magic   | 1 4 5 |  5.0
Air Magic      | 1 3 5 6 |  6.0
Dodging        | 5 6 7 |  7.6
Fighting       | 3 4 |  4.2
Summonings     | 1 3 5 |  5.0
Ice Magic      | 2 |  2.2
Shields        | |  0.7

Action                   |  1- 3 |  4- 6 |  7- 9 | 10-12 | 13-15 || total
-------------------------+-------+-------+-------+-------+-------++-------
Melee: Short sword       |    81 |       |       |       |       ||    81
       Lajatang          |       |     5 |       |       |       ||     5
       Falchion          |       |       |    35 |    70 |    34 ||   139
Throw: Stone             |       |       |       |     6 |       ||     6
 Cast: Foxfire           |    52 |   102 |   191 |   135 |   144 ||   624
       Poisonous Vapours |       |       |    54 |   168 |    60 ||   282
       Conjure Flame     |       |       |     5 |       |       ||     5
       Sticky Flame      |       |       |    29 |    62 |    62 ||   153
       Fireball          |       |       |       |    47 |    78 ||   125
       Mephitic Cloud    |       |       |       |    22 |    24 ||    46
       Summon Lightning  |       |       |       |    42 |    74 ||   116
       Summon Guardian G |       |       |       |       |    26 ||    26
       Summon Ice Beast  |       |       |       |       |     9 ||     9
Invok: Depart the Abyss  |     1 |       |       |       |       ||     1
       Bend Space        |       |       |       |     3 |     3 ||     6
       Banish            |       |       |       |       |     2 ||     2
       Corrupt           |       |       |       |       |     1 ||     1
  Use: Scroll            |     7 |     4 |     6 |     5 |     5 ||    27
       Potion            |       |       |       |     1 |     3 ||     4
 Stab: Sleeping          |     2 |       |       |       |       ||     2
       Confused          |       |       |       |     5 |     2 ||     7
       Distracted        |       |       |       |     2 |       ||     2
Armor: Robe              |    10 |       |     6 |    18 |    18 ||    52
Dodge: Dodged            |    84 |    19 |   119 |   152 |   144 ||   518
Block: Buckler           |       |       |       |       |     7 ||     7
       Rpst.: Falchion   |       |       |    27 |    41 |    39 ||   107

Table legend: (Time is in decaauts)
 A = Elapsed time spent in this place.
 B = Non-inter-level travel time spent in this place.
 C = Inter-level travel time spent in this place.
 D = Time resting spent in this place.
 E = Time spent auto-exploring this place.
 F = Levels seen in this place.
 G = Mean time per level.
                   A        B        C        D        E       F      G
               +--------+--------+--------+--------+--------+-----+--------+
         Total |  27087 |  25240 |   1847 |   8090 |   9709 |  25 | 1083.5 |
       Dungeon |  16422 |  15129 |   1293 |   4626 |   6092 |  14 | 1173.0 |
          Lair |   8964 |   8410 |    554 |   2639 |   3516 |   6 | 1494.0 |
         Abyss |     87 |     87 |      0 |      0 |     67 |   1 |   87.0 |
       Ossuary |    348 |    348 |      0 |    159 |     33 |   1 |  348.0 |
        Bailey |    411 |    411 |      0 |    243 |      0 |   1 |  411.0 |
       Volcano |    293 |    293 |      0 |    149 |      0 |   1 |  293.0 |
      Gauntlet |    560 |    560 |      0 |    273 |      0 |   1 |  560.0 |
               +--------+--------+--------+--------+--------+-----+--------+

Top non-repeatable levels by time:
  Lair:6: 2523 daAuts
  Lair:3: 2347 daAuts
    D:11: 1841 daAuts
     D:5: 1825 daAuts
    D:10: 1812 daAuts
     D:2: 1697 daAuts
     D:1: 1471 daAuts
     D:6: 1470 daAuts
  Lair:5: 1290 daAuts
     D:9: 1203 daAuts
  Lair:4: 1130 daAuts
     D:3: 1099 daAuts
     D:4: 1060 daAuts
     D:7: 985 daAuts
    D:12: 953 daAuts
